 Dungeon Crawl Stone Soup version 0.30-a0-613-gdd512c7efb (webtiles) character file.

Game seed: 3781476613606584356

4088 Zonian the Covert (level 10, -7/42 (44) HPs)
             Began as a Vine Stalker Ice Elementalist on Jan 9, 2023.
             Mangled by Amaemon
             ... wielding a +1 demon whip of venom
              (10 damage)
             ... on level 8 of the Dungeon.
             The game lasted 00:23:39 (10486 turns).

Zonian the Covert (Vine Stalker Ice Elementalist)  Turns: 10486, Time: 00:23:40

HP:   -7/42 (44)    AC:  7    Str: 11    XL:     10   Next: 26%
MP:   0/21          EV: 17    Int: 21    God:
Gold: 313           SH:  0    Dex: 23    Spells: 15/22 levels left

rFire   + . .      SeeInvis .    N - +10 dagger of Tension {flame, rF+ rN+ Int+4 Stlth-}
rCold   . . .      Faith    .    i - orb {*Rage}
rNeg    + . .      Spirit   +    K - +1 steam dragon scales
rPois   +          Reflect  .    (no helmet)
rElec   .          Harm     .    (no cloak)
rCorr   .          Rampage  .    A - +0 pair of gloves
Will    +....      Rage     20%  (no boots)
Stlth   ++++                     t - amulet of magic regeneration
HPRegen 1.07/turn                m - +6 ring of dexterity
MPRegen 0.57/turn                R - ring of poison resistance

@: lightly drained
A: fangs 3, regeneration 1, magic shield, antimagic bite, no potion heal 2
a: no special abilities


You were on level 8 of the Dungeon.
You visited 1 branch of the dungeon, and saw 8 of its levels.
You also visited: Ossuary.

You collected 313 gold pieces.

Inventory:

Hand Weapons
 e - a +0 hand axe
 k - a +0 dagger
 o - a +0 short sword
 x - a +0 rapier
 y - the +5 long sword "Sautz" {flame, rElec}
   (You found it on level 3 of the Dungeon)

   rElec:     It insulates you from electricity.
 E - a +3 short sword
 J - a +0 short sword
 N - the +10 dagger of Tension (weapon) {flame, rF+ rN+ Int+4 Stlth-}
   (You found it on level 6 of the Dungeon)

   Int:       It affects your intelligence (+4).
   rF:        It protects you from fire.
   rN:        It protects you from negative energy.
   Stlth:     It makes you less stealthy.
Missiles
 h - 3 boomerangs of dispersal
 w - 4 poisoned darts
 P - 4 boomerangs
Armour
 a - a +0 robe
 i - an orb of wrath (worn)
 A - a +0 pair of gloves (worn)
 K - +1 steam dragon scales (worn)
 M - an orb of energy
Jewellery
 m - a +6 ring of dexterity (left hand)
 t - an amulet of magic regeneration (around neck)
 R - a ring of poison resistance (right hand)
Wands
 s - a wand of roots (5)
 z - a wand of mindburst (5)
 C - a wand of polymorph (7)
 L - a wand of acid (6)
 Q - a wand of flame (16)
Scrolls
 d - 5 scrolls of poison
 g - 3 scrolls of magic mapping
 n - 2 scrolls of torment {unknown}
 q - a scroll of noise
 r - a scroll of enchant armour
 v - a scroll of fog {unknown}
 B - 3 scrolls of enchant weapon {unknown}
 F - a scroll of butterflies {unknown}
 H - 4 scrolls of blinking
 I - a scroll of vulnerability {unknown}
 O - a scroll of teleportation
Potions
 b - a potion of attraction
 c - 3 potions of flight
 f - 3 potions of haste
 j - a potion of cancellation
 l - 4 potions of might
 p - 8 potions of curing
 u - a potion of brilliance
 D - a potion of ambrosia
 G - 2 potions of berserk rage


   Skills:
 + Level 3.4 Short Blades
 + Level 6.5 Dodging
 + Level 10.2 Stealth
 - Level 6.7 Spellcasting
 - Level 7.5 Ice Magic


You had 15 spell levels left.
You knew the following spells:

 Your Spells              Type           Power      Damage    Failure   Level
a - Freeze                Ice            100%       1d10      1%          1
b - Frozen Ramparts       Ice            76%        1d12      1%          3
c - Ozocubu's Armour      Ice            38%        N/A       1%          3

Your spell library contained the following spells:

 Spells                   Type           Power      Damage    Failure   Level
 Ensorcelled Hibernation  Hex/Ice        44%        N/A       3%          2
 Summon Small Mammal      Summ           28%        N/A       9%          1
 Summon Ice Beast         Ice/Summ       22%        N/A       19%         4
 Call Canine Familiar     Summ           7%         N/A       26%         3
 Dazzling Flash           Conj/Hex       14%        N/A       26%         3
 Gell's Gravitas          Tloc           7%         N/A       26%         3
 Spider Form              Tmut/Pois      7%         N/A       26%         3
 Stone Arrow              Conj/Erth      14%        3d7       26%         3
 Summon Guardian Golem    Hex/Summ       7%         N/A       26%         3
 Teleport Other           Tloc           7%         N/A       26%         3
 Anguish                  Hex/Necr       3%         N/A       65%         4
 Animate Armour           Summ/Erth      14%        N/A       65%         4
 Iskenderun's Mystic Bla  Conj/Tloc      7%         2d4       65%         4
 Manifold Assault         Tloc           7%         N/A       65%         4
 Ozocubu's Refrigeration  Ice            19%        4d11      98%         7
 Dispersal                Tloc           3%         N/A       100%        6
 Starburst                Conj/Fire      3%         6d3       100%        6
 Disjunction              Tloc           3%         N/A       100%        8
 Lehudib's Crystal Spear  Conj/Erth      3%         10d3      100%        8


Dungeon Overview and Level Annotations

Branches:
Dungeon (8/15)             Temple (0/1) D:4         Ossuary (visited)
   Lair: D:8-11

Altars:
Elyvilon
Fedhas
Hepliaklqana
Kikubaaqudgha
Makhleb
Qazlal
Ru
Zin

Annotations:
D:4 exclusion: oklob sapling
D:8 Amaemon, Maggie


Innate Abilities, Weirdness & Mutations

You have razor-sharp teeth.
Your natural rate of healing is unusually fast.
When hurt, damage is shared between your health and your magic reserves.
Your bite disrupts and absorbs the magic of your enemies.
Potions cannot restore your health.


Message History

You closely miss Amaemon. You bite Amaemon!
Amaemon's magic leaks into the air.
You drain his magic.
You feel invigorated.
Amaemon is severely wounded.
You feel sick.
Maggie hits you with a +0 broad axe of draining.
You partially resist.
You feel drained. Amaemon misses you. Amaemon claws you!
Amaemon completely misses you.
You closely miss Amaemon.
Amaemon is severely wounded.
You feel sick.
Maggie is no longer covered in acid.
Maggie barely misses you.
Amaemon shouts, "You think you're better than me?"
Amaemon hits you with a +1 demon whip of venom.
Amaemon claws you.
* * * LOW HITPOINT WARNING * * *
Amaemon closely misses you.
You hit Amaemon but do no damage. Your bite misses Amaemon.
Amaemon is severely wounded.
You feel sick. Maggie completely misses you.
Amaemon hits you with a +1 demon whip of venom!
* * * LOW HITPOINT WARNING * * *
Amaemon closely misses you. Amaemon barely misses you.
Your system rejects the healing.
You feel better. Maggie misses you.
Amaemon hits you with a +1 demon whip of venom!
* * * LOW HITPOINT WARNING * * *
Amaemon closely misses you. Amaemon misses you.
Blink to where?
Press: ? - help, Dir - move target, p - Maggie You cannot blink away from Maggie!
Blink to where?
Press: ? - help, Dir - move target, f - you
Okay, then.
Okay, then.
You hit Maggie. You burn Maggie.
Maggie is heavily wounded.
You hit Maggie. You burn Maggie.
Maggie is severely wounded.
You break out of your daze.
Maggie completely misses you.
Amaemon hits you with a +1 demon whip of venom!
You die...

......# #.#####
......# ##.#
......# ##..#
......# #..##
......## #.##
.......##
#.###########
######..##
#)##.........
##..##
###6##.........
##..##
#..@...........
##..#
#..@...........
##.#
#.........[....
#.#
#..............
#.#
#......########
#.###......#
####...#.....(#
#........#...(.+
#.#...>.##.##..#


You could see Amaemon (magic disrupted) and Maggie.

Vanquished Creatures
  An orange demon (D:8)
  A hornet (D:4)
  Sigmund (D:5)
  A wyvern (D:7)
  Eustachio (D:5)
  2 steam dragons (D:6)
  3 water moccasins
  An orc warrior (D:6)
  2 black bears (D:5)
  3 ice beasts
  A sky beast (D:5)
  3 ogres
  A centaur (D:6)
  A phantom (D:6)
  Blork the orc (D:4)
  3 bullfrogs
  A necrophage (D:4)
  2 scorpions
  8 killer bees
  3 hounds
  4 orc priests
  2 jellies (D:6)
  Ijyb (D:5)
  2 orc wizards
  5 iguanas
  3 mummies (Ossuary)
  6 adders
  A shadow imp (D:6)
  An adder zombie (Ossuary)
  6 worms
  4 dart slugs
  22 orcs
  4 endoplasms
  4 giant cockroaches
  13 goblins
  8 hobgoblins
  5 kobolds
  3 quokkas
  12 ball pythons
  5 bats
  A frilled lizard (D:1)
  A goblin zombie (Ossuary)
  8 hobgoblin zombies (Ossuary)
  A kobold zombie (Ossuary)
  An orc zombie (Ossuary)
  5 quokka zombies (Ossuary)
  6 rats
  A rat zombie (Ossuary)
175 creatures vanquished.

Vanquished Creatures (others)
  A human (D:7)
  16 fungi (D:6)
  3 plants (D:4)
20 creatures vanquished.

Grand Total: 195 creatures vanquished

Notes
Turn   | Place    | Note
-------+----------+-------------------------------------------
     0 | D:1      | Zonian the Vine Stalker Ice Elementalist began the quest
                  | for the Orb.
     0 | D:1      | Reached XP level 1. HP: 9/9 MP: 4/4
     4 | D:1      | You fall into a shaft and drop 1 floor!
   153 | D:1      | Reached XP level 2. HP: 12/13 MP: 3/6
   547 | D:1      | Reached skill level 3 in Stealth
   556 | D:1      | Reached XP level 3. HP: 16/16 MP: 7/7
  1332 | D:2      | Learned a level 3 spell: Frozen Ramparts
  1456 | D:2      | Gained mutation: Your natural rate of healing is unusually
                  | fast. [Vine Stalker growth]
  1456 | D:2      | Reached XP level 4. HP: 16/21 MP: 4/9
  2694 | D:3      | Found a sacrificial altar of Ru.
  2709 | D:3      | Found a white marble altar of Elyvilon.
  2782 | D:3      | Identified the +5 long sword "Sautz" {flame, rElec}
  3506 | D:4      | Noticed a necrophage
  3513 | D:4      | Killed a necrophage
  3514 | D:4      | Reached skill level 4 in Stealth
  3514 | D:4      | Reached XP level 5. HP: 24/24 MP: 9/11
  4535 | D:4      | Reached XP level 6. HP: 28/28 MP: 3/12
  4867 | D:4      | Reached skill level 5 in Ice Magic
  4919 | D:4      | Noticed Blork the orc
  4930 | D:4      | Killed Blork the orc
  5130 | D:4      | Reached skill level 5 in Stealth
  5130 | D:4      | Reached XP level 7. HP: 32/32 MP: 12/14
  5292 | D:4      | Noticed a hornet
  5300 | D:4      | Killed a hornet
  5455 | D:4      | Found a staircase to the Ecumenical Temple.
  5772 | D:5      | Entered Level 5 of the Dungeon
  5787 | D:5      | Reached skill level 6 in Stealth
  5816 | D:5      | Found a sand-covered staircase.
  5827 | Ossuary  | Entered an ossuary
  6087 | D:5      | Noticed Sigmund
  6093 | D:5      | Killed Sigmund
  6094 | D:5      | Reached skill level 5 in Spellcasting
  6094 | D:5      | Gained mutation: You have razor-sharp teeth. [Vine Stalker
                  | growth]
  6094 | D:5      | Reached XP level 8. HP: 36/36 MP: 16/16
  6220 | D:5      | Noticed Eustachio
  6228 | D:5      | Killed Eustachio
  6235 | D:5      | Reached skill level 7 in Stealth
  6944 | D:5      | Noticed Ijyb
  6963 | D:5      | Killed Ijyb
  6990 | D:5      | Learned a level 3 spell: Ozocubu's Armour
  7030 | D:5      | Noticed a water elemental
  7032 | D:5      | Found a stormy altar of Qazlal.
  7036 | D:5      | Noticed an air elemental
  7117 | D:5      | Found a glowing silver altar of Zin.
  7289 | D:5      | Reached XP level 9. HP: 24/39 MP: 16/18
  7662 | D:6      | Reached skill level 5 in Dodging
  7685 | D:6      | Reached skill level 8 in Stealth
  7735 | D:6      | Found a burning altar of Makhleb.
  7987 | D:6      | Noticed Edmund
  7996 | D:6      | Edmund changed into Edmund the dart slug
  7996 | D:6      | Noticed Edmund
  7997 | D:6      | Killed Edmund the dart slug
  8433 | D:6      | Identified the +10 dagger of Tension {flame, rF+ rN+ Int+4
                  | Stlth-}
  8641 | D:7      | Found a blossoming altar of Fedhas.
  8647 | D:7      | Reached skill level 1 in Short Blades
  8701 | D:7      | Reached skill level 9 in Stealth
  9034 | D:7      | Found an ancient bone altar of Kikubaaqudgha.
  9622 | D:7      | Reached XP level 10. HP: 44/44 MP: 21/21
 10045 | D:7      | Found a hazy altar of Hepliaklqana.
 10141 | D:8      | Noticed an orange demon
 10346 | D:8      | Killed an orange demon
 10347 | D:8      | Reached skill level 10 in Stealth
 10452 | D:8      | Noticed Amaemon
 10469 | D:8      | Noticed Maggie
 10484 | D:8      | HP: 1/42 [Amaemon/+1 demon whip of venom (3)]
 10486 | D:8      | Mangled by Amaemon

Illustrated notes

Levels and vault maps discovered:
D:1:      dpeg_arrival_castle, layout_rooms, serial_corexii_hall,
          corexii_hall_statues_l, corexii_hall_statues_t,
          chequers_hall_statues_y, corexii_hall_statues_t
D:2:      layout_basic
D:3:      corexii_shack_village, layout_rooms, lemuel_doored_altar,
          mainiacjoe_overflow_alcove_1
D:4:      layout_cave_pools, minmay_temple_entry_oklob, grunt_ministairs_1,
          kennysheep_generic_room_15, uniq_blork_the_orc
D:5:      layout_basic, nicolae_qazlal_style_of_elements, kennysheep_mini,
          chequers_ossuary_entry_cave, uniq_sigmund, uniq_ijyb, uniq_eustachio
D:6:      layout_basic, overflow_temple_1_default, grunt_ministairs_12,
          amcnicky_mini_corridor_feature, st_stairs_10,
          dreamdust_mushroom_princess, hangedman_decor_growths, uniq_edmund
D:7:      layout_gridville, tgw_kikubaaqudgha, nzn_hepliaklqana_mist_gate,
          mainiacjoe_overflow_alcove_4
D:8:      layout_basic, uniq_maggie, uniq_amaemon

Skill      XL: |  1  2  3  4  5  6  7  8  9 10 |
---------------+-------------------------------+-----
Stealth        | 3 4 5 6 7 9 10 | 10.2
Dodging        | 2 3 4 6 |  6.5
Spellcasting   | 3 4 5 6 |  6.7
Ice Magic      | 5 6 7 |  7.5
Short Blades   | 2 3 |  3.4

Action                   |  1- 3 |  4- 6 |  7- 9 | 10-12 || total
-------------------------+-------+-------+-------+-------++-------
Melee: Hand axe          |    25 |       |       |       ||    25
       Bite              |    21 |    13 |    81 |    15 ||   130
       Unarmed           |     2 |       |       |       ||     2
       Dagger            |    42 |    20 |    46 |    46 ||   154
       Long sword        |       |    15 |       |       ||    15
       Short sword       |       |    39 |   167 |       ||   206
Throw: Dart              |       |       |     8 |     2 ||    10
 Cast: Freeze            |    17 |    16 |    10 |       ||    43
       Frozen Ramparts   |       |       |     9 |       ||     9
       Ozocubu's Armour  |       |       |     1 |       ||     1
Evoke: Wand              |       |     9 |     7 |     4 ||    20
  Use: Scroll            |       |     8 |    11 |     1 ||    20
       Potion            |       |     1 |     1 |     1 ||     3
 Stab: Sleeping          |     5 |     9 |    12 |       ||    26
       Distracted        |       |     1 |     2 |       ||     3
Armor: Robe              |    18 |    19 |    16 |       ||    53
       Steam dragon scal |       |       |    15 |    12 ||    27
Dodge: Dodged            |    44 |    53 |   165 |    47 ||   309

Table legend: (Time is in decaauts)
 A = Elapsed time spent in this place.
 B = Non-inter-level travel time spent in this place.
 C = Inter-level travel time spent in this place.
 D = Time resting spent in this place.
 E = Time spent auto-exploring this place.
 F = Levels seen in this place.
 G = Mean time per level.
                   A        B        C        D        E       F      G
               +--------+--------+--------+--------+--------+-----+--------+
         Total |  10944 |  10739 |    205 |   5022 |   3489 |   9 | 1216.0 |
       Dungeon |  10666 |  10461 |    205 |   4898 |   3489 |   8 | 1333.2 |
       Ossuary |    278 |    278 |      0 |    124 |      0 |   1 |  278.0 |
               +--------+--------+--------+--------+--------+-----+--------+

Top non-repeatable levels by time:
     D:3: 2467 daAuts
     D:6: 1641 daAuts
     D:5: 1640 daAuts
     D:2: 1449 daAuts
     D:7: 1113 daAuts
     D:4: 1097 daAuts
     D:1: 977 daAuts
     D:8: 278 daAuts
 Ossuary: 278 daAuts
